 Dungeon Crawl Stone Soup version 0.32-a0-815-g315f82d515 (webtiles) character file.

Game seed: 14358048170823383117

142347 Ajdolov the Bludgeoner (level 16, -6/148 (149) HPs)
             Began as an Armataur Fighter on Mar 23, 2024.
             Was a High Priest of Okawaru.
             Mangled by a demonic crawler (13 damage)
             ... on level 2 of the Spider Nest.
             The game lasted 01:10:16 (32446 turns).

Ajdolov the Bludgeoner (Armataur Fighter)          Turns: 32446, Time: 01:10:17

HP:   -6/148 (149)  AC: 35    Str: 27    XL:     16   Next: 80%
MP:   25/25         EV: 10    Int: 12    God:    Okawaru [*****.]
Gold: 2155          SH: 11    Dex: 11    Spells: 15/15 levels left

rFire   . . .        Z - +8 eveningstar (freeze)
rCold   . . .        c - +0 buckler
rNeg    + . .        H - +2 crystal plate armour
rPois   +            U - +2 hat {Will+}
rElec   +            h - +2 cloak {rPois}
rCorr   .            x - +0 pair of gloves
SInv    .            r - +4 barding "Betuth" {rElec rN+ Int+2}
Will    ++...        S - amulet of reflection Stlth
                     y - +5 ring of evasion
HPRegen 0.44/turn    e - +5 ring of evasion
MPRegen 0.19/turn

%: reflection, roll
@: studying Short Blades, lightly drained
A: large, deformed body, tough skin 3, armoured tail, rollpage 2
a: Renounce Religion, Heroism, Finesse, Duel


You were on level 2 of the Spider Nest.
You worshipped Okawaru.
Okawaru was extremely pleased with you.
You visited 6 branches of the dungeon, and saw 29 of its levels.
You also visited: Ossuary, Bailey and Volcano.

You collected 3220 gold pieces.
You spent 1065 gold pieces at shops.

Inventory:

Hand Weapons
 Z - a +8 eveningstar of freezing (weapon)
Missiles
 n - 12 javelins
 p - 25 boomerangs (quivered)
 O - 3 throwing nets
 X - 3 curare-tipped darts
Armour
 c - a +0 buckler (worn)
 h - a +2 cloak of poison resistance (worn)
 r - the +4 barding "Betuth" (worn) {rElec rN+ Int+2}
   (Okawaru gifted it to you on level 1 of the Lair of Beasts)

   Int+2:     It affects your intelligence (+2).
   rElec:     It insulates you from electricity.
   rN+:       It protects you from negative energy.
 x - a +0 pair of gloves (worn)
 H - a +2 crystal plate armour (worn)
 U - a +2 hat of willpower (worn)
Jewellery
 e - a +5 ring of evasion (right hand)
 i - a ring of fire
 o - a ring of flight
 y - a +5 ring of evasion (left hand)
 L - a ring of see invisible
 M - the ring "Yntuits" {Wiz rCorr Dex+6}
   (You found it on level 4 of the Lair of Beasts)

   [ring of wizardry]

   Wiz:       It improves your spell success rate.
   Dex+6:     It affects your dexterity (+6).
   rCorr:     It protects you from acid and corrosion.
 S - an amulet of reflection (around neck)
Wands
 a - a wand of polymorph (2)
 I - a wand of light (10)
 P - a wand of iceblast (1)
 R - a wand of flame (55)
Scrolls
 f - 12 scrolls of fog
 g - 16 scrolls of teleportation
 k - 5 scrolls of noise
 l - a scroll of silence
 m - 5 scrolls of vulnerability
 s - 3 scrolls of immolation
 u - 4 scrolls of blinking
 v - 2 scrolls of fear
 A - 6 scrolls of revelation
 J - 3 scrolls of brand weapon
 K - 2 scrolls of enchant armour
 N - 3 scrolls of poison
 Q - 2 scrolls of torment
 V - 2 scrolls of identify
 W - a scroll of amnesia
Potions
 b - 7 potions of heal wounds
 d - 3 potions of might
 j - 13 potions of curing
 q - 4 potions of magic
 t - 4 potions of brilliance
 w - 2 potions of resistance
 z - 8 potions of attraction
 B - 2 potions of mutation
 D - 6 potions of invisibility
 E - 4 potions of berserk rage
 F - 7 potions of haste
 G - 3 potions of enlightenment
 Y - a potion of ambrosia
Miscellaneous
 C - a phantom mirror


   Skills:
 - Level 15.0 Fighting
 - Level 16.0 Maces & Flails
 - Level 10.6 Throwing
 - Level 10.0 Armour
 + Level 0.6 Dodging
 - Level 10.0 Shields
 - Level 12.0 Invocations
 - Level 5.0 Evocations


You had 15 spell levels left.
You didn't know any spells.
Your spell library contained the following spells:

 Spells                   Type           Power      Damage    Failure   Level
 Magic Dart               Conj           0%         1d3       100%        1
 Blink                    Tloc           0%         N/A       100%        2
 Cigotuvi's Dreadful Rot  Necr/Alch/Air  0%         N/A       100%        2
 Ensorcelled Hibernation  Hex/Ice        0%         N/A       100%        2
 Lesser Beckoning         Tloc           0%         N/A       100%        2
 Mercury Vapours          Alch/Air       0%         N/A       100%        2
 Momentum Strike          Conj/Tloc      0%         3d8       100%        2
 Static Discharge         Conj/Air       0%         3-3/arc   100%        2
 Gell's Gravitas          Tloc           0%         N/A       100%        3
 Inner Flame              Hex/Fire       0%         N/A       100%        3
 Passwall                 Erth           0%         N/A       100%        3
 Swiftness                Air            0%         N/A       100%        3
 Teleport Other           Tloc           0%         N/A       100%        3
 Volatile Blastmotes      Fire/Tloc      0%         2d10      100%        3
 Airstrike                Air            0%         2d(0-16)  100%        4
 Cause Fear               Hex            0%         N/A       100%        4
 Dimensional Bullseye     Hex/Tloc       0%         N/A       100%        4
 Flame Wave               Conj/Fire      0%         2d4       100%        4
 Ignite Poison            Fire/Alch      0%         N/A       100%        4
 Iskenderun's Mystic Bla  Conj/Tloc      0%         2d3       100%        4
 Sticky Flame             Fire/Alch      0%         2d4       100%        4
 Vhi's Electric Charge    Tloc/Air       0%         N/A       100%        4
 Arcjolt                  Conj/Air       0%         1d10      100%        5
 Fireball                 Conj/Fire      0%         3d3       100%        5
 Freezing Cloud           Conj/Ice/Air   0%         6-21      100%        5
 Irradiate                Conj/Alch      0%         3d11      100%        5
 Bombard                  Conj/Erth      0%         9d1       100%        6
 Dispersal                Tloc           0%         N/A       100%        6
 Plasma Beam              Fire/Air       0%         2x1d10    100%        6
 Maxwell's Capacitive Co  Air            0%         ∞         100%        8
 Call Imp                 Summ           Unusable   N/A       N/A         2
 Tukima's Dance           Hex            Unusable   N/A       N/A         3
 Summon Lightning Spire   Summ/Air       Unusable   N/A       N/A         4
 Dragon's Call            Summ           Unusable   N/A       N/A         9

Dungeon Overview and Level Annotations

Branches:
Dungeon (15/15)            Temple (1/1) D:4            Lair (5/5) D:10
  Swamp (3/4) Lair:2       Spider (3/4) Lair:3          Orc (2/2) D:12
    Elf (0/3) Orc:2        Vaults (0/5) D:13         Depths (0/4) D:15
Ossuary (visited)          Bailey (visited)         Volcano (visited)
  Slime: Lair:4-5

Altars:
Ashenzari
Cheibriados
Dithmenos
Elyvilon
Fedhas
Gozag
Hepliaklqana
Kikubaaqudgha
Makhleb
Nemelex Xobeh
Okawaru
Qazlal
Ru
Sif Muna
Trog
Uskayaw
Vehumet
Wu Jian
Xom
Yredelemnul
Zin
The Shining One
Beogh
Jiyva

Shops:
D:1 [   D:4 *?   Orc:2 *(?=

Portals:
Pandemonium: Orc:2

Annotations:
Lair:1 1 runed translucent door, topfpfpflanze's ghost, novice OpCj
Lair:5 exclusions: oklob plant and 3 more exclusions
Swamp:3 2 transporters, Mousus6's ghost, adept DgAl
Orc:1 4 transporters, Venlufeh's ghost, journeyman CoGl


Innate Abilities, Weirdness & Mutations

Armour fits poorly on your strangely shaped body.
You have extremely tough skin. (AC +3)
You have a long armoured tail.
You regenerate magic and health when rolling toward enemies. (Rampage Regen)


Message History

The demonic crawler attacks as it pursues you!
The demonic crawler hits you but does no damage.
You block the demonic crawler's attack. x2
The orb spider weaves a glowing orb of energy.
An orb of destruction comes into view.
You block the demonic crawler's attack. The demonic crawler hits you.
* * * LOW HITPOINT WARNING * * *
The demonic crawler misses you.
The orb of destruction hits the wolf spider simulacrum!!!
The wolf spider simulacrum vaporises!
The sun moth is engulfed in freezing vapours.
The demonic crawler hits you!
* * * LOW HITPOINT WARNING * * *
The demonic crawler misses you.
The demonic crawler hits you but does no damage.
There is a stone staircase leading up here.
You block the demonic crawler's attack. The demonic crawler hits you.
* * * LOW HITPOINT WARNING * * *
The demonic crawler completely misses you.
You climb upwards.
There is a stone staircase leading down here.
You puncture the demonic crawler! You freeze the demonic crawler.
The demonic crawler is moderately wounded.
You block the demonic crawler's attack. The demonic crawler misses you.
The demonic crawler hits you but does no damage.
You bludgeon the demonic crawler!! You freeze the demonic crawler.
The demonic crawler is severely wounded.
The demonic crawler hits you!
* * * LOW HITPOINT WARNING * * *
The demonic crawler hits you but does no damage.
The demonic crawler closely misses you.
You puncture the demonic crawler! You freeze the demonic crawler.
Your tail-slap misses the demonic crawler.
The demonic crawler is almost dead.
You block the demonic crawler's attack. x2
The demonic crawler hits you but does no damage.
You hit the demonic crawler but do no damage.
The demonic crawler is almost dead.
The demonic crawler barely misses you. The demonic crawler hits you!
You die...

#..^......####<....##.......#####
##^...............##...^...##
#..^...........###.......##
######....^..#####.....[.##
#.#..####....#..#^.....###
...>....##..^...#........###
....^....^....^............#
....................<.....##
............^...@.........#
.........#..#....s.......##
.........####..........###
....##....##............##
.....##.#####..##........#
.##.##### ####...#...### #####
##^.....#...# #.......#.###
##......###


You could see a demonic crawler.

Vanquished Creatures
  Nikola (Swamp:2)
  Rupert (D:15)
  Asterion (Spider:1)
  Frances (Spider:1)
  3 thorn hunters
  2 fenstrider witches
  Donald (Lair:2)
  Aizul (Spider:1)
  The ghost of Godo the Gelid, an adept DECj of Sif Muna (Spider:1)
  A stone giant (D:15)
  2 eleionomae (Swamp:2)
  Azrael (Spider:1)
  3 bunyips
  2 entropy weavers
  2 vault guards (D:13)
  Harold (D:11)
  A jorogumo (Spider:1)
  A ghost crab (Swamp:3)
  A hydra (Swamp:2)
  A demonspawn (Orc:2)
  3 centaur warriors
  7 boulder beetles
  Erica (D:9)
  A radroach (Spider:3)
  A death knight (D:14)
  3 two-headed ogres
  4 alligators
  3 tengu warriors (D:15)
  A death yak (Lair:5)
  4 orc high priests (Orc:2)
  3 demonic crawlers
  An occultist (D:14)
  2 pharaoh ants
  3 skeletal warriors (Volcano)
  2 skysharks (Lair:4)
  4 goliath frogs
  3 swamp dragons
  3 orb spiders
  3 spriggan druids
  An arcanist (D:14)
  A lindwurm (Lair:5)
  5 bog bodies
  6 orc knights
  A phantasmal warrior (D:14)
  An obsidian bat (Orc:1)
  3 necromancers (D:13)
  2 anaconda skeletons (Volcano)
  6 ugly things
  4 deep elf zephyrmancers
  2 alligator skeletons (Volcano)
  8 wolf spiders
  5 cyclopes
  11 deep elf pyromancers
  8 orc sorcerers
  2 moths of wrath (Spider:2)
  4 oklob plants (Swamp:2)
  5 will-o-the-wisps
  A manticore (D:12)
  An elephant (D:10)
  2 kobold blastminers (Orc:2)
  A black mamba (Lair:5)
  An ice statue (D:15)
  A black mamba (shapeshifter) (D:15)
  A torpor snail (Spider:1)
  8 cane toads
  Jeremiah (D:6)
  2 rime drakes
  4 gargoyles
  Maggie (D:8)
  A tengu conjurer (D:15)
  8 komodo dragons
  A freezing wraith (D:14)
  An ice devil (Orc:2)
  A kobold demonologist (D:10)
  A red devil (Orc:2)
  A hellwing (Orc:2)
  2 polar bears (Lair:3)
  10 tarantellas
  Prince Ribbit (D:6)
  5 trolls
  3 tyrant leeches
  6 hornets
  7 dream sheep (Lair:5)
  17 slime creatures
  11 jumping spiders
  Sigmund (D:6)
  3 shadows
  5 spriggans
  3 wraiths
  21 culicivoras
  4 wyverns
  4 fire elementals
  46 yaks
  20 humans (D:13)
  3 water elementals
  A warg (Orc:1)
  A steam dragon (Lair:3)
  15 vampire mosquitoes
  5 basilisks
  30 redbacks
  12 swamp worms
  A chaos spawn (Orc:2)
  10 water moccasins
  4 hell hounds
  2 swamp drakes
  24 orc warriors
  2 ice beasts
  A black bear (D:4)
  8 ogres
  13 centaurs
  2 laughing skulls (Volcano)
  32 wolves
  2 phantoms
  A weeping skull (Volcano)
  A kobold brigand (D:10)
  9 bullfrogs
  11 gnoll sergeants
  5 scorpions
  A wight (D:9)
  2 killer bees (D:9)
  A spriggan skeleton (Volcano)
  3 howler monkeys
  10 electric eels
  A crimson imp (D:9)
  A bombardier beetle (D:3)
  2 hounds (Bailey)
  6 gnoll boudas (Bailey)
  30 orc priests
  An iron imp (D:9)
  A sleepcap (D:8)
  8 iguanas
  Natasha (thrice) (D:3)
  20 orc wizards
  A naga skeleton (Volcano)
  8 mummies (Ossuary)
  Robin (D:3)
  24 gnolls
  4 adders
  A shadow imp (D:9)
  3 white imps
  8 ufetubi
  3 ribbon worms
  4 dart slugs
  75 orcs
  5 ball pythons
  7 endoplasms
  5 giant cockroaches
  13 hobgoblins
  2 jackals (D:1)
  6 quokkas
  4 bats
  6 frilled lizards
  A gnoll zombie (Ossuary)
  13 goblins
  2 hobgoblin zombies (Ossuary)
  9 kobolds
  2 kobold zombies (Ossuary)
  3 orc zombies (Ossuary)
  5 rats
862 creatures vanquished.

Vanquished Creatures (others)
  A spriggan druid (Swamp:3)
  A bloated husk (Swamp:3)
  An orc (D:9)
  18 foxfires
21 creatures vanquished.

Grand Total: 883 creatures vanquished

Notes
Turn   | Place    | Note
-------+----------+-------------------------------------------
     0 | D:1      | Ajdolov the Armataur Fighter began the quest for the Orb.
     0 | D:1      | Reached XP level 1. HP: 18/18 MP: 1/1
   257 | D:1      | Reached XP level 2. HP: 24/26 MP: 2/2
   275 | D:1      | Got the Guide on Xanthotic Gusts
   330 | D:1      | Found Ysyina's Armour Shop.
   456 | D:1      | Reached XP level 3. HP: 33/33 MP: 3/3
  1080 | D:2      | Reached XP level 4. HP: 41/41 MP: 4/4
  1399 | D:3      | Noticed Robin
  1405 | D:3      | Killed Robin
  1455 | D:3      | Found a broken altar of Ashenzari.
  1488 | D:3      | Reached skill level 5 in Fighting
  1488 | D:3      | Reached skill level 2 in Maces & Flails
  1488 | D:3      | Reached XP level 5. HP: 26/48 MP: 5/5
  1852 | D:3      | Noticed Natasha
  1857 | D:3      | Killed Natasha
  1860 | D:3      | Noticed a phantom
  1872 | D:3      | Noticed Natasha
  1876 | D:3      | Killed a phantom
  1877 | D:3      | Reached skill level 3 in Maces & Flails
  1879 | D:3      | Killed Natasha
  1880 | D:3      | Reached XP level 6. HP: 50/56 MP: 6/6
  1891 | D:3      | Noticed Natasha
  1895 | D:3      | Killed Natasha
  1896 | D:3      | Reached skill level 4 in Maces & Flails
  2188 | D:4      | Identified the +3 arbalest of Uffis {heavy, rElec Dex+4}
  2221 | D:4      | Reached skill level 5 in Maces & Flails
  2358 | D:4      | Found an opulent altar of Gozag.
  2363 | D:4      | Found Gozag's Platinum Reserve.
  2673 | D:4      | Found Ocoif's Magic Scroll Shoppe.
  2676 | D:4      | Bought a scroll of identify for 20 gold pieces
  2676 | D:4      | Bought a scroll of teleportation for 30 gold pieces
  2879 | D:4      | Found a radiant altar of Vehumet.
  2918 | D:4      | Gained mutation: You regenerate magic and health when
                  | rolling toward enemies. (Rampage Regen) [Armataur growth]
  2918 | D:4      | Reached XP level 7. HP: 55/61 MP: 7/7
  2986 | D:4      | Reached skill level 6 in Maces & Flails
  3148 | D:4      | Found a staircase to the Ecumenical Temple.
  3157 | Temple   | Entered the Ecumenical Temple
  3185 | Temple   | Became a worshipper of Warmaster Okawaru
  3447 | D:5      | Entered Level 5 of the Dungeon
  3551 | D:5      | Found a sand-covered staircase.
  3557 | Ossuary  | Entered an ossuary
  3602 | Ossuary  | Reached skill level 1 in Invocations
  3960 | D:5      | Reached skill level 7 in Maces & Flails
  3960 | D:5      | Reached XP level 8. HP: 46/55 MP: 8/10
  4256 | D:6      | Reached * piety under Okawaru
  4376 | D:6      | Found a white marble altar of Elyvilon.
  4390 | D:6      | Noticed Jeremiah
  4423 | D:6      | Killed Jeremiah
  4496 | D:6      | Noticed Sigmund
  4502 | D:6      | Killed Sigmund
  4503 | D:6      | Reached skill level 8 in Maces & Flails
  4503 | D:6      | Reached skill level 5 in Invocations
  4539 | D:6      | Reached ** piety under Okawaru
  4551 | D:6      | Found an ornate altar of the Wu Jian Council.
  4583 | D:6      | Noticed Prince Ribbit
  4615 | D:6      | Killed Prince Ribbit
  4616 | D:6      | Reached skill level 9 in Maces & Flails
  4616 | D:6      | Reached XP level 9. HP: 74/74 MP: 12/12
  5164 | D:7      | Found a glowing golden altar of the Shining One.
  5516 | D:7      | Reached *** piety under Okawaru
  5517 | D:7      | Reached skill level 10 in Maces & Flails
  5585 | D:7      | Reached skill level 1 in Evocations
  5615 | D:7      | Found a flagged portal.
  5628 | Bailey   | Entered a bailey
  6183 | Bailey   | Identified a scroll of acquirement
  6189 | Bailey   | Acquired a +2 crystal plate armour
  6216 | Bailey   | Reached **** piety under Okawaru
  6235 | Bailey   | Reached XP level 10. HP: 23/81 MP: 13/13
  6477 | Bailey   | Identified the +0 ring mail of the Cicada {Dex+5}
  7071 | D:8      | Reached skill level 11 in Maces & Flails
  7283 | D:8      | Found a glowing silver altar of Zin.
  7386 | D:8      | Reached skill level 5 in Evocations
  8061 | D:8      | Reached skill level 5 in Armour
  8189 | D:9      | Noticed a cyclops
  8206 | D:9      | Killed a cyclops
  8366 | D:9      | Noticed Erica
  8418 | D:9      | Identified the +0 robe "Uryhuwk" {Fly Str-2 Int+2 Slay+5}
  8418 | D:9      | Noticed a two-headed ogre
  8428 | D:8      | Reached ***** piety under Okawaru
  8468 | D:9      | Noticed a deep elf zephyrmancer
  8626 | D:9      | Killed Erica
  8627 | D:9      | Reached skill level 12 in Maces & Flails
  8801 | D:9      | Found a burning altar of Makhleb.
  8865 | D:9      | Killed a two-headed ogre
  8865 | D:9      | Received a gift from Okawaru
  8866 | D:9      | Reached XP level 11. HP: 86/86 MP: 14/14
  8918 | D:9      | Killed a deep elf zephyrmancer
  8921 | D:9      | Noticed a skeletal warrior
  8993 | D:9      | Noticed Maggie
  9098 | D:8      | Killed Maggie
  9343 | D:9      | Noticed a deep elf pyromancer
  9357 | D:9      | Killed a deep elf pyromancer
  9472 | D:9      | Found a hazy altar of Hepliaklqana.
  9946 | D:9      | Received a gift from Okawaru
  9947 | D:9      | Reached skill level 13 in Maces & Flails
  9958 | D:9      | Reached skill level 10 in Armour
 10100 | D:10     | Entered Level 10 of the Dungeon
 10609 | D:10     | Found a staircase to the Lair.
 11267 | D:11     | Noticed a two-headed ogre
 11281 | D:11     | Killed a two-headed ogre
 11282 | D:11     | Reached skill level 14 in Maces & Flails
 11392 | D:11     | Identified the +2 chain mail of the Trombone {rN++ Str+2
                  | Dex+6}
 11789 | D:11     | Noticed Harold
 11810 | D:11     | Killed Harold
 12030 | Lair:1   | Entered Level 1 of the Lair of Beasts
 12266 | Lair:1   | Reached XP level 12. HP: 53/96 MP: 16/16
 12390 | Lair:1   | Found a runed translucent door.
 12390 | Lair:1   | Noticed topfpfpflanze's ghost (novice OpCj)
 12767 | Lair:1   | Received a gift from Okawaru
 13133 | Lair:1   | Reached ****** piety under Okawaru
 13183 | Lair:1   | Acquired a +2 eveningstar of protection
 13183 | Lair:1   | Received a gift from Okawaru
 13185 | Lair:1   | Acquired the +4 barding "Betuth" {rElec rN+ Int+2}
 13185 | Lair:1   | Received a gift from Okawaru
 13505 | D:4      | Bought a scroll of brand weapon for 95 gold pieces
 13505 | D:4      | Bought a scroll of fear for 40 gold pieces
 13505 | D:4      | Bought a scroll of enchant weapon for 75 gold pieces
 13505 | D:4      | Bought a scroll of fear for 40 gold pieces
 13505 | D:4      | Bought a scroll of revelation for 75 gold pieces
 13829 | Lair:1   | Noticed a boulder beetle
 13848 | Lair:1   | Killed a boulder beetle
 14111 | Lair:2   | Received a gift from Okawaru
 14123 | Lair:2   | Found a staircase to the Swamp.
 14153 | Lair:2   | Found a dark tunnel.
 14204 | Volcano  | Entered a volcano
 14554 | Volcano  | Received a gift from Okawaru
 14581 | Volcano  | Identified the +0 pair of gloves "Xoezemet" {rPois}
 14978 | Lair:2   | Reached skill level 15 in Maces & Flails
 15561 | Lair:3   | Reached XP level 13. HP: 106/107 MP: 19/19
 15591 | Lair:3   | Received a gift from Okawaru
 15961 | Lair:3   | Found a hole to the Spider Nest.
 16444 | Lair:4   | Identified the ring "Yntuits" {Wiz rCorr Dex+6}
 16907 | Lair:4   | Reached skill level 1 in Throwing
 17348 | Lair:5   | Entered Level 5 of the Lair of Beasts
 17539 | Lair:5   | Received a gift from Okawaru
 17701 | Lair:5   | Reached skill level 16 in Maces & Flails
 17979 | Lair:5   | Found a viscous altar of Jiyva.
 18407 | D:12     | Reached skill level 10 in Invocations
 18572 | D:12     | Received a gift from Okawaru
 18598 | D:12     | Found a staircase to the Orcish Mines.
 18627 | D:12     | Reached skill level 5 in Throwing
 19110 | Orc:1    | Entered Level 1 of the Orcish Mines
 19402 | Orc:1    | Found a transporter.
 19411 | Orc:1    | Found a transporter.
 19416 | Orc:1    | Noticed an orc warlord
 19417 | Orc:1    | Found a roughly hewn altar of Beogh.
 19545 | Orc:1    | Noticed Venlufeh's ghost (journeyman CoGl)
 19592 | Orc:1    | Found a transporter.
 19658 | Orc:1    | Found a transporter.
 19904 | Orc:2    | Entered Level 2 of the Orcish Mines
 19906 | Orc:2    | Reached XP level 14. HP: 116/116 MP: 21/21
 20099 | Orc:2    | Found a roughly hewn altar of Beogh.
 20209 | Orc:2    | Received a gift from Okawaru
 20441 | Orc:2    | Found a staircase to the Elven Halls.
 20950 | Orc:2    | Found Qyutzunof's Magic Scroll Boutique.
 20951 | Orc:2    | Found Buic's General Store.
 21039 | Orc:2    | Bought a scroll of identify for 26 gold pieces
 21039 | Orc:2    | Bought a scroll of enchant weapon for 97 gold pieces
 21039 | Orc:2    | Bought a scroll of identify for 26 gold pieces
 21039 | Orc:2    | Bought a scroll of teleportation for 39 gold pieces
 21039 | Orc:2    | Bought a scroll of fear for 52 gold pieces
 21233 | Orc:2    | Received a gift from Okawaru
 21383 | Orc:2    | Reached skill level 5 in Shields
 21553 | Orc:2    | Found Moeg's Jewellery Emporium.
 21553 | Orc:2    | Found Gylyir's Antique Weapon Shoppe.
 21553 | Orc:2    | Found a one-way gate leading to the halls of Pandemonium.
 21559 | Orc:2    | Bought an amulet of reflection for 450 gold pieces
 21689 | D:13     | Reached skill level 10 in Fighting
 22170 | D:13     | Received a gift from Okawaru
 22334 | D:13     | Found a gate to the Vaults.
 22770 | D:14     | You fall into a shaft and drop 1 floor!
 22770 | D:15     | Entered Level 15 of the Dungeon
 22814 | D:15     | Received a gift from Okawaru
 22819 | D:15     | Noticed Rupert
 23285 | D:14     | Found a basalt altar of Yredelemnul.
 23405 | D:14     | Reached XP level 15. HP: 120/130 MP: 22/22
 24056 | D:14     | Received a gift from Okawaru
 24549 | D:15     | Found a staircase to the Depths.
 24844 | D:15     | Received a gift from Okawaru
 24955 | D:15     | Killed Rupert
 25527 | Swamp:1  | Entered Level 1 of the Swamp
 25669 | Swamp:1  | Noticed Donald
 25743 | Lair:2   | Killed Donald
 25825 | Swamp:1  | Noticed a fenstrider witch
 25840 | Swamp:1  | Killed a fenstrider witch
 26163 | Swamp:1  | Received a gift from Okawaru
 26595 | Swamp:2  | Noticed Nikola
 26623 | Swamp:2  | Noticed a fenstrider witch
 26634 | Swamp:2  | Paralysed by a fenstrider witch for 2 turns
 26642 | Swamp:2  | Killed a fenstrider witch
 27001 | Swamp:2  | Killed Nikola
 27016 | Swamp:2  | Reached skill level 10 in Shields
 27268 | Swamp:2  | Noticed a thorn hunter
 27289 | Swamp:2  | Killed a thorn hunter
 27574 | Swamp:2  | Received a gift from Okawaru
 27759 | Swamp:2  | Noticed a thorn hunter
 27785 | Swamp:2  | Killed a thorn hunter
 28092 | Swamp:2  | Reached XP level 16. HP: 96/147 MP: 23/23
 28417 | Swamp:3  | Noticed a thorn hunter
 28429 | Swamp:3  | Killed a thorn hunter
 28918 | Swamp:2  | Reached skill level 15 in Fighting
 29205 | Swamp:3  | Identified the +8 long sword "Tormentor" {freeze, rPois
                  | Will+++ MP+9 Int-5}
 29270 | Swamp:3  | Noticed Mousus6's ghost (adept DgAl)
 29411 | Swamp:3  | Found a transporter.
 29567 | Swamp:3  | Found a transporter.
 29801 | Spider:1 | Entered Level 1 of the Spider Nest
 29807 | Spider:1 | Received a gift from Okawaru
 30057 | Spider:1 | Noticed Azrael
 30070 | Spider:1 | Killed Azrael
 30306 | Spider:1 | Found a runed translucent door.
 30307 | Spider:1 | Noticed Godo's ghost (adept DECj)
 30453 | Spider:1 | Noticed Asterion
 30477 | Spider:1 | Killed Asterion
 30612 | Spider:1 | Identified the serpent talisman "Besk" {rC+ Str+7 Int-2}
 30612 | Spider:1 | Noticed Aizul
 30621 | Spider:1 | Killed Aizul
 30621 | Spider:1 | Received a gift from Okawaru
 30622 | Spider:1 | Noticed Frances
 30634 | Spider:1 | Killed Frances
 30751 | Spider:1 | Reached skill level 10 in Throwing
 31065 | Spider:1 | Killed Godo's ghost
 32167 | Spider:3 | Received a gift from Okawaru
 32444 | Spider:2 | HP: 7/148 [demonic crawler (13)]
 32446 | Spider:2 | Mangled by a demonic crawler

Illustrated notes

Levels and vault maps discovered:
D:1:      matt_arrival_spirals, layout_loops_ring, serial_shops,
          nicolae_shop_temple_entry_statues_fountains
D:2:      layout_loops_ring, guppyfry_early_lair_pool
D:3:      layout_basic, ashenzari_altar_1, palyth_stone_intersect, uniq_natasha,
          uniq_robin
D:4:      layout_loops_corners, fiery_altar_vehumet,
          nicolae_gozag_zags_fifth_avenue, lemuel_temple_firewalk_b,
          serial_shops, nicolae_shop_rolled_up
D:5:      layout_cave_pools, nicolae_ossuary_entry_plus, minmay_strange_pillars
D:6:      layout_basic, mainiacjoe_overflow_tiny_flanked,
          pdpol_wu_jian_five_deadly_venoms, kennysheep_pointless_box,
          uniq_jeremiah, uniq_sigmund, uniq_prince_ribbit1
D:7:      layout_basic, mainiacjoe_overflow_alcove_1, enter_bailey_7
D:8:      layout_loops_cross, old_standard_altar
D:9:      minmay_ornate_pinched, layout_irregular_city, pf_just_have_faith,
          mainiacjoe_overflow_cross_hatched, hangedman_glass_teeth,
          dk_noncrumbling_2, hangedman_minor_magic, uniq_maggie, uniq_erica
D:10:     layout_loops_ring, david_lair_generic, kb_lookout_dungeons_type
D:11:     layout_rooms, kennysheep_cross_room, hangedman_abyss_or_decor_slice,
          uniq_harold
D:12:     layout_roguey, hiddenorc1_lemuel, pond
D:13:     layout_loops_ring, grunt_vaults_entry_tiered
D:14:     layout_basic, kennysheep_diamond, cheibrodos_lost_city_excavation
D:15:     grunt_enter_depths_snipers, layout_basic, minivault_16, uniq_rupert
Temple:   oiseaux_autumnal_temple
Lair:1:   layout_cave_pods, hellmonk_ghost_happy_afterlife,
          serial_bayou_shore_a, serial_bayou_shore_b
Lair:2:   layout_roguey, nicolae_swamp_entry_splash_gauntlet,
          nicolae_volcano_entry_lava_flow
Lair:3:   layout_regular_city, hellmonk_spider_entry_life_and_decay,
          lemuel_fruit_tree
Lair:4:   layout_loops_ring
Lair:5:   evilmike_catoblepas_cave, layout_cellular_growth,
          minmay_slime_entry_oklob_enclosed
Swamp:1:  layout_basic_swamp, evilmike_swamp_ruin_rubble_2, uniq_donald
Swamp:2:  dpeg_oklob_gauntlet, layout_falls_marsh, evilmike_swamp_ruin_house_4,
          uniq_nikola
Swamp:3:  layout_basic_swamp, gammafunk_ghost_mausoleum, serial_swamp_ruin,
          evilmike_swamp_ruin_rubble_1, evilmike_swamp_ruin_house_3
Spider:1: layout_spider_delve, gammafunk_ghost_grave, guppyfry_spider_mini_1,
          uniq_frances, uniq_asterion, uniq_azrael, uniq_aizul
Spider:2: layout_spider_delve
Spider:3: layout_spider_delve
Orc:1:    gammafunk_beogh_shrine, layout_caves,
          gammafunk_ghost_berserking_beasts
Orc:2:    pf_orc_diabolical, layout_diamond_mine, basic_altar,
          elves_outpost_lemuel

Skill      XL: |  1  2  3  4  5  6  7  8  9 10 11 12 13 14 15 16 |
---------------+-------------------------------------------------+-----
Fighting       | 3 4 5 6 8 11 14 15 | 15.0
Maces & Flails | 2 3 5 7 9 10 12 14 15 16 | 16.0
Invocations    | 2 5 8 10 12 | 12.0
Evocations     | 4 5 |  5.0
Armour         | 8 10 | 10.0
Throwing       | 6 8 10 | 10.6
Shields        | 7 10 | 10.0
Dodging        | |  0.6

Action                     |  1- 3 |  4- 6 |  7- 9 | 10-12 | 13-15 | 16-18 || total
---------------------------+-------+-------+-------+-------+-------+-------++-------
  Melee: Flail             |   150 |   167 |   226 |       |       |       ||   543
         Tailslap          |    14 |    22 |    60 |   137 |   204 |    67 ||   504
         Morningstar       |       |       |   205 |   689 |       |       ||   894
         Eveningstar       |       |       |       |   187 |  1383 |   416 ||  1986
  Throw: Dart              |       |       |       |     2 |     2 |     1 ||     5
         Boomerang         |       |       |       |       |     2 |    46 ||    48
         Javelin           |       |       |       |       |       |     3 ||     3
 Invoke: Heroism           |       |       |     1 |       |       |       ||     1
         Finesse           |       |       |       |     2 |     2 |     2 ||     6
         Receive Weapon    |       |       |       |     1 |       |       ||     1
         Receive Armour    |       |       |       |     1 |       |       ||     1
  Evoke: Wand              |       |       |       |     6 |    15 |       ||    21
    Use: Scroll            |       |       |    14 |     9 |    13 |     4 ||    40
         Potion            |       |       |     1 |     3 |     3 |     1 ||     8
   Stab: Held in net/web   |       |       |     1 |       |       |       ||     1
         Distracted        |       |       |       |       |       |     1 ||     1
 Armour: Scale mail        |   104 |    83 |       |       |       |       ||   187
         Chain mail        |       |    27 |   374 |       |       |       ||   401
         Crystal plate arm |       |       |    39 |   779 |   974 |   459 ||  2251
  Dodge: Dodged            |    68 |    56 |   206 |   147 |   421 |   164 ||  1062
  Block: Buckler           |    27 |    32 |    98 |   119 |   353 |   274 ||   903
         Reflection        |       |       |       |       |    18 |     6 ||    24

Table legend: (Time is in decaauts)
 A = Elapsed time spent in this place.
 B = Non-inter-level travel time spent in this place.
 C = Inter-level travel time spent in this place.
 D = Time resting spent in this place.
 E = Time spent auto-exploring this place.
 F = Levels seen in this place.
 G = Mean time per level.
                   A        B        C        D        E       F      G
               +--------+--------+--------+--------+--------+-----+--------+
         Total |  31954 |  29727 |   2227 |   4622 |  17543 |  32 |  998.6 |
       Dungeon |  15757 |  14254 |   1503 |   1032 |   9399 |  15 | 1050.5 |
        Temple |     56 |      2 |     54 |      0 |      0 |   1 |   56.0 |
          Lair |   5660 |   5281 |    379 |    429 |   3829 |   5 | 1132.0 |
         Swamp |   4049 |   3921 |    128 |   1775 |   1401 |   3 | 1349.7 |
   Spider Nest |   2382 |   2279 |    103 |    407 |   1340 |   3 |  794.0 |
  Orcish Mines |   2410 |   2352 |     58 |    344 |   1280 |   2 | 1205.0 |
       Ossuary |    220 |    220 |      0 |      0 |    110 |   1 |  220.0 |
        Bailey |   1010 |   1010 |      0 |    469 |    171 |   1 | 1010.0 |
       Volcano |    406 |    406 |      0 |    164 |     13 |   1 |  406.0 |
               +--------+--------+--------+--------+--------+-----+--------+

Top non-repeatable levels by time:
 Swamp:2: 1983 daAuts
  Lair:1: 1828 daAuts
     D:8: 1591 daAuts
     D:9: 1538 daAuts
   Orc:2: 1506 daAuts
    D:14: 1465 daAuts
 Swamp:1: 1444 daAuts
     D:4: 1400 daAuts
    D:10: 1385 daAuts
Spider:1: 1151 daAuts
  Lair:3: 1132 daAuts
  Lair:2: 1114 daAuts
    D:13: 1089 daAuts
    D:15: 1051 daAuts
  Bailey: 1010 daAuts
